 Dungeon Crawl Stone Soup version 0.23.2-40-g277498a001 (webtiles) character file.

Game seed: 13285411948498721392

73 MisterOstroum the Ruffian (level 4, 0/46 HPs)
             Began as a Troll Berserker on Sept 13, 2019.
             Was a Follower of Trog.
             Succumbed to a worker ant's poison
             ... on level 2 of the Dungeon.
             The game lasted 00:01:25 (1166 turns).

MisterOstroum the Ruffian (Troll Berserker)         Turns: 1166, Time: 00:01:26

Health: 0/46       AC:  6    Str: 25    XL:     4   Next: 8%
Magic:  3/3        EV: 10    Int:  4    God:    Trog [*.....]
Gold:   73         SH:  0    Dex:  9    Spells: 3/3 levels left

rFire    . . .     SeeInvis .     - Unarmed
rCold    . . .     Gourm    +   (no shield)
rNeg     . . .     Faith    .   a - +0 animal skin
rPois    .         Spirit   .   (helmet restricted)
rElec    .         Reflect  .   (no cloak)
rCorr    .         Harm     .   (gloves unavailable)
MR       .....                  (boots unavailable)
Stlth    +.........             (no amulet)
HPRegen  0.55/turn              (no ring)
MPRegen  0.08/turn              (no ring)

@: lethally poisoned (0 -> -5), berserk cooldown, slowed, very slow
A: large, unfitting armour, claws 3, fast metabolism 3, gourmand, regeneration
1, shaggy fur 1, tough skin 3
a: Berserk, Renounce Religion


You were on level 2 of the Dungeon.
You worshipped Trog.
Trog was aware of your devotion.
You were not hungry.

You visited 1 branch of the dungeon, and saw 2 of its levels.

You collected 73 gold pieces.

Inventory:

Missiles
 f - 47 stones (quivered)
 q - 3 large rocks
Armour
 a - a +0 animal skin (worn)
 m - a scarf of spirit shield
Jewellery
 p - a +4 amulet of reflection {unknown}
Scrolls
 c - 2 scrolls of immolation {unknown}
 d - a scroll of enchant weapon {unknown}
 j - 2 scrolls of magic mapping {unknown}
 k - 2 scrolls of identify {unknown}
 l - a scroll of noise {unknown}
 n - a scroll of teleportation {unknown}
Potions
 b - a potion of curing
 g - a potion of might {unknown}
 h - a potion of degeneration {unknown}
 i - 2 potions of brilliance {unknown}
 o - a potion of invisibility {unknown}
 r - 2 potions of heal wounds {unknown}
 s - a potion of cancellation {unknown}
Comestibles
 e - 3 rations


   Skills:
 * Level 3.6 Fighting
 - Level 2.4 Dodging
 + Level 3.7 Unarmed Combat


You had 3 spell levels left.
You didn't know any spells.
Your spell library was empty.

Dungeon Overview and Level Annotations

Branches:
Dungeon (2/15)

Altars:
Ashenzari


Innate Abilities, Weirdness & Mutations

You are too large for most types of armour.
You have claws for hands.
Your metabolism is lightning-fast.
You like to eat raw meat.
Your natural rate of healing is unusually fast.
You are covered in fur. (AC +1)
You have extremely tough skin. (AC +3)


Message History

The worker ant poisons you! The worker ant closely misses you.
You closely miss the worker ant.
You feel sick. The worker ant bites you.
You are more poisoned.
The worker ant poisons you!
You scratch the worker ant but do no damage.
You feel sick. The worker ant bites you.
The worker ant bites you but does no damage.
You scratch the worker ant but do no damage.
You feel sick.
The worker ant bites you but does no damage.
The worker ant barely misses you.
You closely miss the worker ant.
You feel sick. The worker ant closely misses you.
You feel sick. The worker ant bites you.
You are more poisoned.
The worker ant poisons you!
You feel very sick.
The worker ant bites you but does no damage.
You feel sick.
You feel sick. The worker ant closely misses you.
You feel sick.
The worker ant bites you but does no damage.
You scratch the worker ant.
The worker ant is moderately wounded.
You feel sick. The worker ant closely misses you.
The worker ant bites you but does no damage.
You barely miss the worker ant.
The worker ant is moderately wounded.
You feel sick. The worker ant bites you.
* * * LOW HITPOINT WARNING * * *
The worker ant bites you.
* * * LOW HITPOINT WARNING * * *
You closely miss the worker ant.
The worker ant is moderately wounded.
* * * LOW HITPOINT WARNING * * *
You feel sick. The worker ant closely misses you.
Unknown command.
It was a potion of curing.
You feel better. The worker ant closely misses you.
The worker ant barely misses you. The worker ant bites you.
* * * LOW HITPOINT WARNING * * *
You are poisoned.
The worker ant poisons you!
You feel sick.
The worker ant bites you but does no damage.
You feel sick. The worker ant bites you.
* * * LOW HITPOINT WARNING * * *
You feel sick.
You feel sick. The worker ant barely misses you.
You feel sick. The worker ant barely misses you.
The worker ant bites you but does no damage.
You feel sick. The worker ant bites you.
* * * LOW HITPOINT WARNING * * *
You feel better. The worker ant closely misses you. x2
You recover from your berserk rage.
The worker ant closely misses you. The worker ant misses you.
A red film seems to cover your vision as you go berserk!
You feel yourself moving faster!
You feel mighty!
You feel a lot more hungry. The worker ant bites you.
You are poisoned.
The worker ant poisons you! The worker ant barely misses you.
You barely miss the worker ant.
The worker ant is lightly wounded.
You feel sick. The worker ant bites you.
You are more poisoned.
The worker ant poisons you!
You closely miss the worker ant.
The worker ant is lightly wounded.
You feel sick. The worker ant bites you.
* * * LOW HITPOINT WARNING * * *
You claw the worker ant!
The worker ant is almost dead.
You feel sick. The worker ant bites you.
* * * LOW HITPOINT WARNING * * *
You are lethally poisoned!
The worker ant poisons you!
You closely miss the worker ant.
The worker ant is almost dead.
* * * LOW HITPOINT WARNING * * *
You feel sick. The worker ant bites you.
* * * LOW HITPOINT WARNING * * *
You mangle the worker ant!!
You kill the worker ant!
Trog accepts your kill.
You have reached level 4!
* * * LOW HITPOINT WARNING * * *
You feel sick.
* * * LOW HITPOINT WARNING * * *
You feel sick.
You feel a strong urge to attack something.
* * * LOW HITPOINT WARNING * * *
You feel sick.
You are too berserk!
You are no longer berserk.
You are exhausted.
You feel as though you will be slow longer.
* * * LOW HITPOINT WARNING * * *
You feel sick.
You die...

.......## ##.##.#
#####.#####
......## ####.#
#.# .#...## #.#
#.# .##+## #.# #.#
.# #.# ###.## .#
#.# #..#.# ### #.#
#.#.#####
.#...###########.#
#####.##.....
..............##@#
#........####
.....#.######.##.#
#.###.#..# #. ..#
#. #####.##.# #.#
#.#..###. #.
#........# #.#
#........
.....#...#### #<#
###..#### #.#
#....# #.# #..####
#. #....#
#.#####...... #.
#P.PP#
#.......#####
#.PP## #########


There were no monsters in sight!

Vanquished Creatures
  Natasha (D:2)
  A worker ant (D:2)
  An ooze (D:2)
  3 bats
  3 giant cockroaches
  2 hobgoblins
  2 kobolds
  5 goblins
  3 rats
21 creatures vanquished.

Notes
Turn   | Place    | Note
-------+----------+-------------------------------------------
     0 | D:1      | MisterOstroum the Troll Berserker began the quest for the
                  | Orb.
     0 | D:1      | Reached XP level 1. HP: 22/22 MP: 0/0
   119 | D:1      | You fall through a shaft!
   260 | D:2      | Reached XP level 2. HP: 29/29 MP: 1/1
   998 | D:2      | Found a shattered altar of Ashenzari.
  1120 | D:2      | Noticed Natasha
  1126 | D:2      | Noticed a crimson imp
  1126 | D:2      | Killed Natasha
  1126 | D:2      | Reached XP level 3. HP: 37/37 MP: 2/2
  1142 | D:2      | HP: 1/37 [worker ant (6)]
  1162 | D:2      | Reached XP level 4. HP: 6/46 MP: 3/3
  1164 | D:2      | HP: 3/69 [poisoned by a worker ant]
  1165 | D:2      | HP: 1/46 [poisoned by a worker ant]
  1166 | D:2      | Succumbed to a worker ant's poison

Skill      XL: |  1  2 |
---------------+-------+-----
Fighting       | 3 |  3.6
Dodging        | |  2.4
Unarmed Combat | |  3.7

Action                   |  1- 3 |  4- 6 || total
-------------------------+-------+-------++-------
Melee: Unarmed           |    46 |       ||    46
       Punch             |     1 |       ||     1
Invok: Berserk           |     2 |       ||     2
  Use: Potion            |     2 |       ||     2
  Eat: Chunk             |     9 |       ||     9
Armor: Animal skin       |    18 |       ||    18
Dodge: Dodged            |    34 |       ||    34
